 Dungeon Crawl Stone Soup version 0.24.0-13-gcf9b319 (webtiles) character file.

Game seed: 18178197424857277684, levelgen mode: deterministic

47 Boetheseconed the Ruffian (level 3, 0/36 HPs)
             Began as a Troll Monk on Dec 1, 2019.
             Slain by Sigmund
             ... wielding a +1 scythe of venom
              (10 damage)
             ... on level 2 of the Dungeon.
             The game lasted 00:03:14 (900 turns).

Boetheseconed the Ruffian (Troll Monk)               Turns: 900, Time: 00:03:14

Health: 0/36       AC: 10    Str: 19    XL:     3   Next: 48%
Magic:  2/2        EV: 11    Int:  6    God:
Gold:   57         SH:  0    Dex: 13    Spells: 2/2 levels left

rFire    . . .     SeeInvis .     - Unarmed
rCold    . . .     Gourm    +   (no shield)
rNeg     . . .     Faith    .   a - +0 robe
rPois    .         Spirit   .   (helmet restricted)
rElec    .         Reflect  .   (no cloak)
rCorr    .         Harm     .   (gloves unavailable)
MR       .....                  (boots unavailable)
Stlth    ++........             (no amulet)
HPRegen  0.52/turn              j - +4 ring of protection
MPRegen  0.08/turn              (no ring)

@: lethally poisoned (0 -> -8)
A: large, unfitting armour, claws 3, fast metabolism 3, gourmand, regeneration
1, shaggy fur 1, tough skin 3
a: no special abilities


You were on level 2 of the Dungeon.
You were very full.

You visited 1 branch of the dungeon, and saw 2 of its levels.

You collected 57 gold pieces.

Inventory:

Armour
 a - a +0 robe (worn)
Jewellery
 j - a +4 ring of protection (left claw)
Scrolls
 c - a scroll of amnesia {unknown}
 d - a scroll of teleportation {unknown}
 e - 3 scrolls of identify {unknown}
 i - a scroll of blinking {unknown}
 l - a scroll of remove curse {unknown}
Potions
 f - 2 potions of heal wounds {unknown}
 g - 3 potions of curing {unknown}
 h - a potion of invisibility {unknown}
 k - a potion of brilliance {unknown}
Comestibles
 b - 3 rations


   Skills:
 + Level 2.7 Fighting
 + Level 2.9 Dodging
 + Level 1.1 Stealth
 + Level 3.6 Unarmed Combat


You had 2 spell levels left.
You didn't know any spells.
Your spell library was empty.

Dungeon Overview and Level Annotations

Branches:
Dungeon (2/15)

Altars:

Annotations:
D:2 Sigmund


Innate Abilities, Weirdness & Mutations

You are too large for most types of armour.
You have claws for hands.
Your metabolism is lightning-fast.
You like to eat raw meat.
Your natural rate of healing is unusually fast.
You are covered in fur. (AC +1)
You have extremely tough skin. (AC +3)


Message History

Sigmund mumbles some strange words.
Sigmund flickers and vanishes!
Deactivating autopickup; reactivate with Ctrl-A.
Something hits you.
You hear a zap.
A puff of flame appears from out of thin air!
The puff of flame misses you. Something hits you!
You are poisoned.
You feel sick.
The rat twitches its whiskers.
You see here an adder corpse.
You scratch something.
You feel sick. Something hits you but does no damage.
You miss something.
You feel sick. Something hits you!
You are more poisoned.
You miss something.
You feel sick.
You claw something!
You feel sick. Something hits you.
You claw something!
You feel sick.
You closely miss something.
You feel sick. Something hits you!
You die...

.. #...........
..#####.....l.....
..................
..................
..................
.......l.$@w..[...
......wr##########
####.##{#### ..
#..@..#
##########.#
#.......##'######
#.#####........[..
#.....<...........
#..###.#..........
#.+..........
###..........
#..........


You could see a worm, a frilled lizard and a rat.

Vanquished Creatures
  An adder (D:2)
  An ooze (D:1)
  A dart slug (D:1)
  A leopard gecko (D:1)
  3 bats (D:1)
  3 giant cockroaches
  6 goblins (D:1)
  3 hobgoblins (D:1)
  2 jackals (D:1)
  A frilled lizard (D:1)
  2 kobolds
  3 rats (D:1)
27 creatures vanquished.

Notes
Turn   | Place    | Note
-------+----------+-------------------------------------------
     0 | D:1      | Boetheseconed the Troll Monk began the quest for the Orb.
     0 | D:1      | Reached XP level 1. HP: 22/22 MP: 0/0
   117 | D:1      | Reached XP level 2. HP: 25/29 MP: 1/1
   468 | D:1      | Reached XP level 3. HP: 32/36 MP: 2/2
   878 | D:2      | Noticed Sigmund
   900 | D:2      | Slain by Sigmund

Levels and vault maps discovered:
D:1:      dpeg_arrival_lava_altar, layout_loops_ring
D:2:      layout_basic, marbit_many_paths, makhleb_altar_promises_db,
          uniq_jessica, uniq_crazy_yiuf_cottage, uniq_natasha, uniq_sigmund

Action                   || total
-------------------------++-------
Melee: Unarmed           ||    68
 Stab: Sleeping          ||     1
  Eat: Chunk             ||    13
Armor: Robe              ||    27
Dodge: Dodged            ||    37
